 Dungeon Crawl Stone Soup version 0.21.1-1-g345015f (webtiles) character file.

124 Fang the Skirmisher (level 5, -3/33 HPs)
             Began as a Gargoyle Berserker on June 6, 2018.
             Was a Believer of Trog.
             Slain by a worm (5 damage)
             ... on level 3 of the Dungeon.
             The game lasted 00:02:28 (2459 turns).

Fang the Skirmisher (Gargoyle Berserker)            Turns: 2459, Time: 00:02:28

Health: -3/33      AC:  6    Str: 21 (22) XL:     5   Next: 8%
Magic:  5/5        EV: 12    Int:  9 (10) God:    Trog [**....]
Gold:   114        SH:  0    Dex:  6 (9)  Spells: 4/4 levels left

rFire    . . .     SeeInvis .   a - +0 hand axe
rCold    . . .     Gourm    .   (no shield)
rNeg     + . .     Faith    .   b - +0 animal skin
rPois    ∞         Spirit   .   (no helmet)
rElec    +         Reflect  .   (no cloak)
rCorr    +         Harm     .   (no gloves)
MR       .....                  (no boots)
Stlth    +.........             g - amulet of magic regeneration
HPRegen  0.11/turn              l - ring of resist corrosion
MPRegen  0.34/turn              n - +3 ring of intelligence

@: berserk cooldown, slowed, very slow
A: negative energy resistance 1, electricity resistance, unbreathing,
petrification resistance, rot immunity, AC +4
a: Berserk, Trog's Hand, Burn Spellbooks, Renounce Religion


You were on level 3 of the Dungeon.
You worshipped Trog.
Trog was pleased with you.
You were near starving.

You visited 1 branch of the dungeon, and saw 3 of its levels.

You collected 114 gold pieces.

Inventory:

Hand Weapons
 a - a +0 hand axe (weapon)
Armour
 b - a +0 animal skin (worn)
Jewellery
 g - an amulet of magic regeneration (around neck)
 l - a ring of resist corrosion (left hand)
 n - a +3 ring of intelligence (right hand)
Scrolls
 d - 4 scrolls of identify {unknown}
 e - a scroll of magic mapping {unknown}
 f - a scroll of immolation {unknown}
 h - a scroll of noise {unknown}
 j - a scroll of teleportation {unknown}
 m - a scroll of remove curse {unknown}
Potions
 i - a potion of degeneration
 k - a potion of heal wounds {unknown}
Comestibles
 c - 6 rations


   Skills:
 + Level 4.2 Fighting
 + Level 4.0 Axes
 + Level 2.5 Armour
 + Level 2.1 Dodging


You had 4 spell levels left.
You didn't know any spells.

Dungeon Overview and Level Annotations

Branches:
Dungeon (3/15)

Altars:
Nemelex Xobeh
Trog

Annotations:
D:3 1 transporter


Innate Abilities, Weirdness & Mutations

You are resistant to torment.
Your stone body is resilient. (AC +4)
You are immune to poison.
You resist negative energy. (rN+)
You are resistant to electric shocks. (rElec)
You can survive without breathing.
You are immune to petrification.
You are immune to rotting.


Message History

* * * LOW HITPOINT WARNING * * *
Things that are here:
a leather armour; a leopard gecko corpse; an orc corpse Unknown command.
Something hits you.
* * * LOW HITPOINT WARNING * * *
Unknown command.
You barely miss the worm.
The worm is moderately wounded.
You closely miss something.
You hear some strange, mumbled words.
Something tries to affect you, but you resist.
The worm bites you but does no damage. Something hits you.
* * * LOW HITPOINT WARNING * * *
It was a potion of degeneration.
There was something very wrong with that liquid.
You feel weakened.
You feel dopey.
You feel clumsy.
You feel less confused. Something hits you but does no damage.
The worm bites you.
You die...

..... ..# ...
..#.. ..... ####
... ...# ... .
...# #[# ###.#
...# #.##.....
...# ###@.......
...# #.{w)......
...#
#######..).......
...#
#.......†).?#####
...#
###.#####.....#
...# #...#
#.....#
...###.####
#.?...#
..........#
#.....#
..........#
#.......


You could see a worm.

Vanquished Creatures
  3 adders
  An ooze (D:3)
  3 worms
  A dart slug (D:3)
  6 leopard geckos
  5 orcs
  3 giant cockroaches
  6 goblins
  12 hobgoblins
  9 jackals
  6 kobolds
  2 quokkas (D:2)
  A bat (D:1)
  3 frilled lizards
  4 rats
65 creatures vanquished.

Notes
Turn   | Place    | Note
-------+----------+-------------------------------------------
     0 | D:1      | Fang the Gargoyle Berserker began the quest for the Orb.
     0 | D:1      | Reached XP level 1. HP: 14/14 MP: 1/1
     9 | D:1      | Reached XP level 2. HP: 17/19 MP: 2/2
   632 | D:1      | Reached XP level 3. HP: 24/24 MP: 3/3
  1140 | D:2      | Found a bloodstained altar of Trog.
  1433 | D:2      | Reached ** piety under Trog
  1721 | D:2      | Reached XP level 4. HP: 29/29 MP: 4/4
  1806 | D:2      | Found a sparkling altar of Nemelex Xobeh.
  2063 | D:3      | HP: 2/43 [worm (9)]
  2424 | D:3      | Found a transporter.
  2435 | D:3      | Reached XP level 5. HP: 33/33 MP: 5/5
  2459 | D:3      | Slain by a worm

Skill      XL: |  1  2  3  4 |
---------------+-------------+-----
Axes           | 3 4 |  4.0
Fighting       | 4 |  4.2
Dodging        | 2 |  2.1
Armour         | |  2.5

Action                   |  1- 3 |  4- 6 || total
-------------------------+-------+-------++-------
Melee: Hand axe          |   113 |    88 ||   201
Invok: Berserk           |     2 |     2 ||     4
  Use: Potion            |       |     1 ||     1
  Eat: Chunk             |     4 |     3 ||     7
Armor: Animal skin       |    48 |    37 ||    85
Dodge: Dodged            |    71 |    79 ||   150
